AoeStats
← iM 我要打十个

Nomad

504962222Analyzed
4v4 RM · 26d ago on Sep 7, 2026· 88m 28s· 8 players
Game mode
Random Map
Map size
231×231
Population
200
Speed
Normal
Resources
Standard
Victory
Conquest
Starting age
Dark Age
Ending age
Imperial Age
RankedLock teamsTeams togetherTeam positionsShared explorationLock speedFull tech treeHidden civsTurbo modeCheats
Victory
Defeat
🇨🇳 Slavs · China
1132
+18
🇹🇼 Mongols · Taiwan
1128
+18
🇨🇳 Britons · China
1106
+19
🇹🇼 Magyars · Taiwan
1079
+19
🇨🇳 Bohemians · China
1362
-26
🇫🇷 Wei · France
1125
-17
🇨🇳 Saracens · China
1119
-17
🇨🇳 Bulgarians · China
1060
-14
KEVINWEN
4:43 Loom
15:20 Feudal Age
20:46 Castle Age
19:28 Double-Bit Axe
19:25 Horse Collar
20:05 Stone Mining
20:41 Gold Mining
22:12 Bow Saw
22:44 Heavy Plow
22:32 Loom
25:03 Wheelbarrow
25:52 Detinets
26:11 Husbandry
29:52 Bloodlines
30:56 Scale Barding Armor
30:58 Light Cavalry
33:52 Hand Cart
38:56 Imperial Age
37:54 Chain Barding Armor
37:45 Forging
39:19 Town Watch
39:36 Squires
38:57 Man-at-Arms
40:15 Plate Barding Armor
40:16 Iron Casting
39:03 Elite Boyar
40:33 Conscription
40:14 Capped Ram
41:46 Siege Ram
45:19 Siege Engineers
46:15 Chemistry
46:53 Druzhina
46:23 Pikeman
48:07 Blast Furnace
50:13 Scale Mail Armor
50:41 Hussar
54:04 Two-Man Saw
56:53 Ballistics
56:29 Murder Holes
61:06 Masonry
61:21 Halberdier
62:02 Long Swordsman
62:47 Two-Handed Swordsman
64:37 Crop Rotation
65:24 Champion
67:29 Chain Mail Armor
69:20 Caravan
69:52 Plate Mail Armor
excboom
7:06 Loom
12:58 Feudal Age
17:28 Castle Age
15:28 Double-Bit Axe
16:05 Horse Collar
16:37 Gold Mining
17:01 Stone Mining
18:32 Fishing Lines
19:06 Bow Saw
20:16 Town Watch
21:10 Fletching
24:20 Bodkin Arrow
26:09 Padded Archer Armor
27:13 Wheelbarrow
27:36 Heavy Plow
29:43 Leather Archer Armor
30:06 Husbandry
30:40 Bloodlines
32:54 Hand Cart
33:32 Light Cavalry
34:33 Scale Barding Armor
34:39 Forging
38:55 Imperial Age
37:26 Stone Shaft Mining
37:30 Gold Shaft Mining
39:01 Thumb Ring
39:23 Chain Barding Armor
39:39 Iron Casting
40:06 Ballistics
40:47 Chemistry
40:07 Bracer
41:40 Parthian Tactics
40:53 Elite Mangudai
42:40 Conscription
44:52 Chemistry
47:16 Hoardings
47:21 Elite Skirmisher
48:30 Conscription
49:06 Nomads
53:03 Chemistry
52:24 Town Patrol
53:50 Siege Engineers
63:45 Fortified Wall
63:45 Masonry
65:40 Blast Furnace
65:50 Hussar
plesae963
5:32 Loom
16:42 Feudal Age
21:56 Castle Age
19:43 Fishing Lines
22:56 Double-Bit Axe
27:07 Medium Warships
28:19 Bow Saw
30:10 Scale Barding Armor
32:47 Imperial Age
30:30 Treadmill Crane
32:23 Corvinian Army
32:26 Husbandry
32:36 Horse Collar
33:26 Bloodlines
35:19 Wheelbarrow
34:53 Elite Magyar Huszar
39:01 Hand Cart
39:53 Chain Barding Armor
40:46 Conscription
41:23 Plate Barding Armor
42:11 Recurve Bow
42:04 Fletching
42:15 Padded Archer Armor
46:26 Thumb Ring
46:48 Parthian Tactics
46:20 Heavy Cavalry Archer
47:40 Bodkin Arrow
48:26 Leather Archer Armor
49:18 Ballistics
51:46 Bracer
55:33 Chemistry
60:47 Ring Archer Armor
80:30 Heavy Plow
Big哥
18:20 Feudal Age
23:33 Castle Age
23:29 Loom
24:45 Fletching
26:29 Horse Collar
26:49 Stone Mining
29:30 Forging
29:17 Bodkin Arrow
40:24 Imperial Age
41:11 Wheelbarrow
43:23 Conscription
43:06 Elite Longbowman
44:43 Gold Mining
45:23 Hand Cart
45:42 Padded Archer Armor
48:37 Ballistics
49:08 Gold Shaft Mining
48:48 Bracer
49:03 Leather Archer Armor
51:39 Ring Archer Armor
52:09 Warwolf
66:01 Caravan
69:04 Double-Bit Axe
87:54 Elite Skirmisher
不会打弓
13:26 Feudal Age
15:30 Loom
15:36 Double-Bit Axe
18:19 Castle Age
18:23 Demolition Ship
19:16 Medium Warships
19:20 Bow Saw
26:00 Fishing Lines
27:36 Fervor
27:47 Sanctity
31:25 Wheelbarrow
33:48 Imperial Age
31:18 Gillnets
34:46 Chemistry
33:29 Pikeman
34:10 Scale Mail Armor
34:22 Forging
34:43 Ballistics
34:15 Halberdier
34:59 Squires
35:30 Chain Mail Armor
35:52 Iron Casting
36:31 Plate Mail Armor
36:33 Wagenburg Tactics
36:49 Conscription
37:35 Two-Man Saw
39:40 Horse Collar
42:05 Heavy Plow
43:22 Guilds
42:39 Houfnice
46:53 Blast Furnace
47:34 Coinage
50:41 Fletching
52:31 Elite Skirmisher
53:13 Bodkin Arrow
53:19 Padded Archer Armor
55:43 Banking
55:46 Bracer
56:02 Leather Archer Armor
58:23 Ring Archer Armor
58:10 Siege Engineers
71:23 Arson
73:22 Hand Cart
79:01 Elite Hussite Wagon
iM 我要打十个
4:38 Loom
13:18 Feudal Age
20:30 Castle Age
18:46 Double-Bit Axe
20:25 Fletching
20:30 Fishing Lines
22:21 Bow Saw
22:07 Bodkin Arrow
24:53 Crossbowman
26:07 Thumb Ring
29:59 Ballistics
30:51 Gold Mining
31:32 Gillnets
33:04 Padded Archer Armor
32:26 Pikeman
33:07 Squires
35:42 Wheelbarrow
37:44 Scale Mail Armor
38:00 Leather Archer Armor
38:47 Chain Mail Armor
38:44 Forging
40:41 Iron Casting
40:38 Arson
41:47 Demolition Ship
44:26 Horse Collar
49:41 Imperial Age
47:44 Man-at-Arms
49:39 Gold Shaft Mining
48:58 Stone Mining
49:45 Arbalester
51:29 Chemistry
50:53 Hand Cart
50:24 Town Watch
50:07 Capped Ram
52:06 Two-Man Saw
52:15 Plate Mail Armor
52:35 Bracer
54:05 Siege Ram
56:10 Ring Archer Armor
56:41 Blast Furnace
56:32 Gambesons
58:40 Coinage
58:34 Treadmill Crane
59:05 Masonry
58:51 Murder Holes
59:03 Heavy Plow
60:38 Conscription
60:31 Counterweights
59:42 Elite Mameluke
61:18 Man-at-Arms
62:03 Long Swordsman
64:07 Hoardings
63:00 Two-Handed Swordsman
63:09 Two-Handed Swordsman
64:19 Scale Barding Armor
65:39 Banking
65:17 Gambesons
66:14 Town Patrol
68:42 Bloodlines
68:33 Husbandry
67:53 Heavy Camel Rider
71:23 Champion
72:26 Bimaristan
78:04 Hoardings
81:57 Light Cavalry
cloud678
3:40 Loom
13:42 Feudal Age
15:45 Forging
16:46 Scale Mail Armor
17:53 Town Watch
19:11 Fishing Lines
25:26 Castle Age
24:51 Horse Collar
26:30 Chain Mail Armor
26:27 Double-Bit Axe
27:47 Gambesons
27:53 Gambesons
29:08 Squires
28:54 Arson
32:30 Wheelbarrow
33:51 Iron Casting
34:33 Fletching
43:23 Imperial Age
41:57 Scale Barding Armor
42:51 Bodkin Arrow
42:52 Pikeman
44:03 Halberdier
47:31 Plate Mail Armor
49:12 Chain Barding Armor
51:04 Plate Barding Armor
52:28 Blast Furnace
52:24 Elite Konnik
59:22 Capped Ram
62:18 Husbandry
74:40 Light Cavalry
75:31 Bloodlines
79:30 Bracer
79:31 Padded Archer Armor
81:27 Chemistry
80:32 Elite Skirmisher
senninha
5:21 Loom
15:16 Feudal Age
16:25 Double-Bit Axe
16:32 Gold Mining
19:21 Castle Age
17:55 Fletching
20:18 Thumb Ring
19:59 Town Watch
20:49 Wheelbarrow
20:44 Bow Saw
21:32 Bodkin Arrow
22:14 Ballistics
22:37 Bloodlines
22:28 Husbandry
23:42 Padded Archer Armor
24:39 Leather Archer Armor
25:47 Fishing Lines
26:54 Stone Mining
27:42 Gold Shaft Mining
28:29 Horse Collar
33:04 Heavy Plow
37:01 Imperial Age
36:37 Hand Cart
36:41 Scale Barding Armor
36:47 Forging
36:42 Husbandry
38:25 Parthian Tactics
38:03 Bracer
38:33 Ring Archer Armor
39:07 Chemistry
39:44 Stone Shaft Mining
39:12 Gillnets
39:35 Medium Warships
40:26 Conscription
41:17 Chain Barding Armor
41:06 Tuntian
43:02 Crop Rotation
44:18 Ming Guang Armor
44:33 Hoardings
48:17 Masonry
48:03 Murder Holes
47:52 Treadmill Crane
49:23 Elite Tiger Cavalry
54:13 Iron Casting
53:21 Elite Skirmisher
55:30 Blast Furnace
55:52 Scale Mail Armor
59:06 Capped Ram
60:40 Siege Ram
65:01 Light Cavalry
68:10 Hussar
74:00 Caravan
Connection lost

Rejoining the realm…

Still unreachable

The connection could not be restored.

Session expired

The server has moved on; the page needs a fresh start.